 Dungeon Crawl Stone Soup version 0.32-a0-841-g4648e6c457 (webtiles) character file.

Game seed: 18417476964614452788

106 Griffin23 the Trooper (level 4, 0/41 HPs)
             Began as a Minotaur Fighter on Mar 26, 2024.
             Was a Follower of Yredelemnul.
             Slain by an orc priest
             ... wielding a +0 hand axe
              (3 damage)
             ... on level 3 of the Dungeon.
             The game lasted 00:02:36 (2599 turns).

Griffin23 the Trooper (Minotaur Fighter)            Turns: 2599, Time: 00:02:37

Health: 0/41       AC:  7    Str: 22    XL:     4   Next: 55%
Magic:  3/3        EV:  8    Int:  5    God:    Yredelemnul [*.....]
Gold:   97         SH:  4    Dex: 10    Spells: 3/3 levels left

rFire   . . .        a - +0 long sword
rCold   . . .        c - +0 buckler
rNeg    . . .        b - +0 scale mail
rPois   .            (helmet restricted)
rElec   .            (no cloak)
rCorr   .            (no gloves)
SInv    .            (no boots)
Will    .....        (no amulet) Stlth
                     (no ring)
HPRegen 0.26/turn    (no ring)
MPRegen 0.08/turn

%: no passive effects
@: mighty, wreathed by umbra
A: horns 2, retaliatory headbutt
a: Renounce Religion, Light the Black Torch, Recall Undead Harvest


You were on level 3 of the Dungeon.
You worshipped Yredelemnul.
Yredelemnul was noncommittal.
You visited 1 branch of the dungeon, and saw 4 of its levels.

You collected 97 gold pieces.

Inventory:

Hand Weapons
 a - a +0 long sword (weapon)
Armour
 b - a +0 scale mail (worn)
 c - a +0 buckler (worn)
 r - a scarf of invisibility
Scrolls
 f - a scroll of revelation {unknown}
 g - a scroll of immolation {unknown}
 h - 4 scrolls of identify {unknown}
 k - a scroll of vulnerability {unknown}
 l - a scroll of enchant armour {unknown}
 m - a scroll of acquirement {unknown}
 o - a scroll of torment {unknown}
 p - a scroll of teleportation {unknown}
Potions
 d - 3 potions of might
 e - 2 potions of heal wounds {unknown}
 i - a potion of mutation {unknown}
 j - a potion of magic {unknown}
 n - a potion of cancellation {unknown}


   Skills:
 + Level 4.4 Fighting
 * Level 3.8 Long Blades
 + Level 4.4 Armour
 + Level 4.4 Shields


You had 3 spell levels left.
You didn't know any spells.
Your spell library was empty.

Dungeon Overview and Level Annotations

Branches:
Dungeon (4/15)
 Temple: D:4-7

Altars:
Nemelex Xobeh
Yredelemnul

Shops:
D:3 [


Innate Abilities, Weirdness & Mutations

You have a pair of horns on your head.
You reflexively headbutt those who attack you in melee.


Message History

You start waiting.
Done waiting.
You climb downwards.
The orc priest casts a cantrip, but nothing happens.
The ogre hits you with a +0 giant club!
The hound pauses to sniff the ground.
There is a stone staircase leading up, spattered with blood here.
The orc priest hits you with a +0 hand axe.
The orc hits you but does no damage. The ogre misses you.
You climb upwards.
There is a stone staircase leading down here.
You barely miss the ogre.
The orc priest hits you with a +0 hand axe.
The orc completely misses you.
You closely miss the ogre. You headbutt the ogre.
The ogre is moderately wounded.
The orc priest closely misses you. The orc hits you with a +0 hand axe.
You block the ogre's attack.
The orc priest hits you but does no damage.
The orc hits you with a +0 hand axe.
You are too injured to fight recklessly!
You are too injured to fight recklessly!
Unknown command.
It was a potion of curing.
You feel better. The ogre misses you. You furiously retaliate!
You headbutt the ogre!
The orc priest hits you with a +0 hand axe.
The orc misses you.
You feel very mighty all of a sudden.
The orc priest mumbles some strange prayers to Beogh against you.
Beogh smites you!
* * * LOW HITPOINT WARNING * * *
You block the orc's attack.
Unknown command.
You slash the ogre!
The ogre is almost dead.
The ogre hits you with a +0 giant club!
* * * LOW HITPOINT WARNING * * *
The orc priest hits you with a +0 hand axe.
You die...
Your body rises from the dead as a mindless zombie.

#.###.).....#...P...##.'#.#####
#.#......P..#........รท#.#.....###
..#........._......P..#.#####.#..
###...P..P..#P.......P#.......ZZ#
#.##PP.P...#..PP.P.##.######..##
####..P....#PP.....#.###.....#'#
#.###..).#...P###......#..###.
#.##.#########o.......Z..###._
#...###.....O@###.#.##....###.
###[..#.####o##...#.###....###
###........##.###.# ####..##
##..####.##.# #.# ##..#
#..#######.# #.# ##..
#.......##.###.# ###
#.#####.##.#...# #.#####.##[#.###
#.......##...#


You could see an ogre, an orc priest and an orc.

Vanquished Creatures
  A gnoll (D:1)
  3 adders
  A ribbon worm (D:3)
  4 dart slugs
  An orc (D:3)
  4 ball pythons
  3 bats
  5 endoplasms
  5 giant cockroaches
  2 goblins
  4 hobgoblins
  3 quokkas
  4 frilled lizards
  7 kobolds
  8 rats
55 creatures vanquished.

Vanquished Creatures (collateral kills)
  A hobgoblin (D:3)
1 creature vanquished.

Grand Total: 56 creatures vanquished

Notes
Turn   | Place    | Note
-------+----------+-------------------------------------------
     0 | D:1      | Griffin23 the Minotaur Fighter began the quest for the Orb.
     0 | D:1      | Reached XP level 1. HP: 19/19 MP: 0/0
   288 | D:1      | Reached XP level 2. HP: 27/27 MP: 1/1
   750 | D:1      | Reached XP level 3. HP: 13/33 MP: 2/2
  1401 | D:2      | Reached XP level 4. HP: 41/41 MP: 3/3
  1592 | D:3      | Found a faded altar of an unknown god.
  1616 | D:3      | Found Seweu's Antique Armour Boutique.
  1793 | D:3      | Prayed at the altar of an unknown god.
  1793 | D:3      | Became a worshipper of Yredelemnul the Fallen
  1793 | D:3      | Reached * piety under Yredelemnul
  1929 | D:3      | Found a sparkling altar of Nemelex Xobeh.
  2389 | D:4      | Noticed an ogre
  2599 | D:3      | Slain by an orc priest

Illustrated notes

Levels and vault maps discovered:
D:1:      eino_arrival_water_star, layout_basic
D:2:      layout_loops_ring
D:3:      layout_basic, nemelex_diamond_rough_becter, serial_shops,
          nicolae_shop_tiny_statue_garden, shapermc_ecumenical_altar_gd,
          minmay_fractal_squares_gapless_5
D:4:      layout_basic, zin_academy, minmay_temple_entry_enclosed_plants,
          roderic_roman_lattice, uniq_natasha, uniq_blork_the_orc, uniq_edmund

Skill      XL: |  1  2 |
---------------+-------+-----
Fighting       | 4 |  4.4
Armour         | 4 |  4.4
Shields        | 4 |  4.4
Long Blades    | 3 |  3.8

Action                     |  1- 3 |  4- 6 || total
---------------------------+-------+-------++-------
  Melee: Long sword        |    89 |    58 ||   147
         Headbutt          |    10 |    13 ||    23
    Use: Potion            |       |     2 ||     2
 Armour: Scale mail        |    59 |    49 ||   108
  Dodge: Dodged            |    45 |    24 ||    69
  Block: Buckler           |    27 |    11 ||    38

Table legend: (Time is in decaauts)
 A = Elapsed time spent in this place.
 B = Non-inter-level travel time spent in this place.
 C = Inter-level travel time spent in this place.
 D = Time resting spent in this place.
 E = Time spent auto-exploring this place.
 F = Levels seen in this place.
 G = Mean time per level.
                   A        B        C        D        E       F      G
               +--------+--------+--------+--------+--------+-----+--------+
         Total |   2642 |   2502 |    140 |    196 |   1873 |   4 |  660.5 |
       Dungeon |   2642 |   2502 |    140 |    196 |   1873 |   4 |  660.5 |
               +--------+--------+--------+--------+--------+-----+--------+

Top non-repeatable levels by time:
     D:1: 1022 daAuts
     D:3: 1017 daAuts
     D:2: 593 daAuts
     D:4: 9 daAuts
